 Dungeon Crawl Stone Soup version 0.23.0 (webtiles) character file.

Game seed: 2330597362423824976

44462 Infinimo the Bludgeoner (level 13, -13/125 HPs)
             Began as a Minotaur Berserker on Feb 12, 2019.
             Was a High Priest of Trog.
             Drowned by a drowned soul (14 damage)
             ... summoned by a merfolk avatar
             ... on level 6 of the Lair of Beasts.
             The game lasted 00:27:19 (22133 turns).

Infinimo the Bludgeoner (Minotaur Berserker)       Turns: 22133, Time: 00:27:22

Health: -13/125    AC: 21    Str: 27    XL:     13   Next: 96%
Magic:  12/12      EV:  9    Int:  4    God:    Trog [*****.]
Gold:   1029       SH:  5    Dex: 10    Spells: 12/12 levels left

rFire    . . .     SeeInvis .   n - +8 whip "Snakebite" {curare, rPois}
rCold    + . .     Gourm    .   D - +0 buckler
rNeg     . . .     Faith    .   B - +0 plate armour
rPois    +         Spirit   .   (helmet restricted)
rElec    +         Reflect  .   z - +1 cloak
rCorr    +         Harm     .   (no gloves)
MR       .....                  x - +1 pair of boots of Disappointment {+Blink rElec}
Stlth    ..........             (no amulet)
HPRegen  0.30/turn              r - ring of protection from cold
MPRegen  0.13/turn              s - ring of resist corrosion

@: berserk cooldown, mesmerised, slowed, very slow
A: retaliatory headbutt, horns 2
a: Berserk, Trog's Hand, Brothers in Arms, Renounce Religion, Evoke Blink


You were on level 6 of the Lair of Beasts.
You worshipped Trog.
Trog was extremely pleased with you.
You were not hungry.

You visited 3 branches of the dungeon, and saw 18 of its levels.
You also visited: Volcano.

You collected 1171 gold pieces.
You spent 142 gold pieces at shops.

Inventory:

Hand Weapons
 n - the +8 whip "Snakebite" (weapon) {curare, rPois}
   (You found it on level 1 of the Lair of Beasts)

   It poisons the flesh of those it strikes.
   It protects you from poison.
Armour
 x - the +1 pair of boots of Disappointment (worn) {+Blink rElec}
   (You found it in a volcano)

   It insulates you from electricity.
   It lets you blink.
 z - a +1 cloak (worn)
 B - a +0 plate armour (worn)
 D - a +0 buckler (worn)
Jewellery
 r - a ring of protection from cold (left hand)
 s - a ring of resist corrosion (right hand)
 y - an uncursed amulet of the gourmand {unknown}
 F - an uncursed ring of positive energy {unknown}
Wands
 d - a wand of acid (24)
 f - a wand of digging (16)
 v - a wand of disintegration (15)
 w - a wand of iceblast (5)
Scrolls
 b - 4 scrolls of remove curse
 e - 10 scrolls of identify
 g - a scroll of enchant weapon
 k - 2 scrolls of magic mapping
 m - 11 scrolls of fear
 p - 7 scrolls of teleportation
 q - a scroll of blinking
 u - a scroll of enchant armour
Potions
 a - a potion of haste
 h - 2 potions of magic
 i - 3 potions of flight
 j - 4 potions of mutation
 l - a potion of heal wounds
 o - 5 potions of curing
 t - 3 potions of resistance
 A - a potion of brilliance
 C - a potion of berserk rage
 G - a potion of ambrosia {unknown}
Comestibles
 c - 39 rations
 E - 4 chunks of flesh


   Skills:
 + Level 14.4 Fighting
 + Level 18.6 Maces & Flails
 + Level 14.3 Armour
 - Level 2.1 Dodging
 - Level 6.0 Shields


You had 12 spell levels left.
You didn't know any spells.
Your spell library was empty.

Dungeon Overview and Level Annotations

Branches:
Dungeon (11/15)            Temple (1/1) D:7            Lair (6/6) D:11
  Swamp (0/4) Lair:4       Spider (0/4) Lair:2          Orc (0/2) D:11
  Slime: Lair:5-6

Altars:
Ashenzari
Cheibriados
Dithmenos
Elyvilon
Fedhas
Gozag
Hepliaklqana
Kikubaaqudgha
Makhleb
Nemelex Xobeh
Okawaru
Qazlal
Ru
Sif Muna
Trog
Uskayaw
Vehumet
Wu Jian
Xom
Yredelemnul
Zin
The Shining One

Shops:
D:6 ?   D:11 (?*(


Innate Abilities, Weirdness & Mutations

You reflexively headbutt those who attack you in melee.
You have a pair of horns on your head.


Message History

The merfolk avatar is heavily wounded.
The drowned soul touches you. The drowned soul drowns you!
* * * LOW HITPOINT WARNING * * *
Unknown command.
You whack the merfolk avatar!
The merfolk avatar looks as sick as possible! x2
The merfolk avatar convulses.
The merfolk avatar seems to be slow for longer.
The merfolk avatar is severely wounded.
The drowned soul touches you. The drowned soul drowns you!
* * * LOW HITPOINT WARNING * * *
The merfolk avatar chants its luring song.
You feel much better. The drowned soul touches you.
The drowned soul drowns you!
* * * LOW HITPOINT WARNING * * *
You block the drowned soul's attack. The drowned soul touches you.
The drowned soul drowns you!
* * * LOW HITPOINT WARNING * * *
The drowned soul touches you. The drowned soul drowns you!
You die...

#≈≈≈ ≈≈≈≈8# #≈≈≈##≈≈≈≈≈#
#≈≈≈≈≈#≈≈≈≈# #≈≈≈≈≈≈≈≈≈≈#
≈≈≈≈(%!$≈≈≈# ≈≈≈≈%W≈(≈≈≈#
≈≈≈..... ≈≈≈ ≈≈≈≈|W≈$m≈≈#
≈≈≈≈..... .≈# ≈# ≈P≈≈![:@≈≈≈#
≈#P#...... .≈##≈# #≈≈≈≈≈≈≈≈≈≈#
≈≈≈≈.#≈.... .≈≈≈≈ #≈≈≈≈P≈#≈≈≈#
≈≈≈P≈≈≈.... .≈≈≈≈≈ #≈≈≈≈≈≈≈P≈≈#
≈≈≈≈≈≈.... .P##≈# #8≈≈≈≈†≈≈≈8#
#P.#.....
.P..≈###########.########≈.#≈....
≈≈≈≈≈PP≈≈≈≈≈≈≈≈≈≈P≈≈≈≈PP≈≈≈≈≈...P
≈≈≈≈≈≈≈≈≈≈≈≈≈≈≈P≈≈≈≈P≈≈≈≈≈≈≈.÷P.#
.P.#≈≈#.≈≈##≈≈##≈≈.#≈P.#≈≈..≈....


You could see a merfolk avatar and 2 drowned souls.

Vanquished Creatures
  3 hydras
  2 two-headed ogres (D:11)
  6 death yaks
  The ghost of Zaque the Cleaver, a novice DDMo of Makhleb (D:7)
  The ghost of PeterQ the Carver, a novice TeGl of Elyvilon (D:7)
  A hell knight (Volcano)
  A salamander mystic (Volcano)
  The ghost of feta the Blocker, a novice FoFi of Ru (D:7)
  3 oklob plants (Lair:3)
  2 harpies (Lair:6)
  3 ugly things (D:11)
  4 salamanders (Volcano)
  5 black mambas
  Joseph (D:7)
  5 elephants
  Maurice (D:11)
  10 spiny frogs
  A kobold demonologist (D:8)
  6 komodo dragons
  2 rime drakes
  5 jumping spiders (Lair:2)
  A wind drake (Lair:6)
  2 trolls
  6 blink frogs (Lair:2)
  Grinder (D:5)
  A bog body (Lair:4)
  Prince Ribbit (D:7)
  5 hippogriffs
  Sigmund (D:2)
  3 redbacks
  A wraith (D:10)
  18 yaks
  4 hogs (D:7)
  6 wyverns
  2 basilisks
  A hungry ghost (D:9)
  A human (D:7)
  25 water moccasins
  2 orc warriors (D:11)
  A floating eye (Lair:3)
  8 porcupines
  2 sky beasts
  2 eyes of draining
  A black bear (D:8)
  3 ice beasts
  9 ogres
  2 phantoms (D:4)
  A necrophage (D:10)
  14 crocodiles
  11 big kobolds (D:8)
  16 bullfrogs
  A water moccasin skeleton (D:10)
  2 scorpions
  11 killer bees
  7 howler monkeys
  6 electric eels
  7 crimson imps
  A centaur zombie (D:5)
  2 centaur skeletons
  2 orc priests (D:8)
  2 bullfrog skeletons
  9 hounds
  4 jellies
  7 iguanas
  12 orc wizards
  4 hell rats (Lair:1)
  3 worker ants
  2 hound skeletons
  Robin (D:3)
  6 river rats (Lair:1)
  8 adders
  2 shadow imps
  An ooze (D:1)
  3 adder skeletons
  An adder zombie (D:6)
  2 worms
  4 dart slugs
  8 leopard geckos
  50 orcs
  2 giant cockroaches
  8 hobgoblins
  11 jackals
  6 quokkas
  A ball python (D:4)
  7 bats
  A frilled lizard (D:1)
  16 goblins
  9 kobolds
  A leopard gecko skeleton (D:4)
  A quokka skeleton (D:3)
  10 rats
  3 plants (Lair:3)
459 creatures vanquished.

Vanquished Creatures (others)
  A fungus (Lair:2)
  9 plants (Lair:6)
  3 withered plants (D:7)
13 creatures vanquished.

Grand Total: 472 creatures vanquished

Notes
Turn   | Place    | Note
-------+----------+-------------------------------------------
     0 | D:1      | Infinimo the Minotaur Berserker began the quest for the
                  | Orb.
     0 | D:1      | Reached XP level 1. HP: 19/19 MP: 0/0
   146 | D:1      | Reached skill level 4 in Maces & Flails
   155 | D:1      | Reached XP level 2. HP: 9/27 MP: 1/1
   633 | D:1      | Reached XP level 3. HP: 28/33 MP: 2/2
   964 | D:2      | Reached ** piety under Trog
  1441 | D:2      | Found a hide-covered altar of Uskayaw.
  1450 | D:2      | Noticed a +0 dagger
  1451 | D:2      | Noticed a -2 dagger
  1514 | D:2      | Reached skill level 5 in Maces & Flails
  1514 | D:2      | Reached XP level 4. HP: 41/41 MP: 3/3
  1614 | D:2      | Noticed Sigmund
  1624 | D:2      | Killed Sigmund
  1624 | D:2      | Reached skill level 5 in Fighting
  1624 | D:2      | Reached skill level 6 in Maces & Flails
  1624 | D:2      | Reached XP level 5. HP: 41/48 MP: 4/4
  1937 | D:3      | Reached XP level 6. HP: 54/56 MP: 5/5
  1953 | D:3      | Found a stormy altar of Qazlal.
  2128 | D:3      | Noticed Robin
  2141 | D:3      | Killed Robin
  2156 | D:3      | Reached *** piety under Trog
  2833 | D:4      | Reached skill level 7 in Maces & Flails
  2848 | D:4      | Reached skill level 5 in Armour
  2848 | D:4      | Reached XP level 7. HP: 8/61 MP: 6/6
  3160 | D:4      | Found a burning altar of Makhleb.
  3160 | D:4      | Found a glowing golden altar of the Shining One.
  3410 | D:4      | Reached skill level 8 in Maces & Flails
  4135 | D:5      | Entered Level 5 of the Dungeon
  4257 | D:5      | Reached XP level 8. HP: 61/71 MP: 7/7
  4278 | D:5      | Found a blossoming altar of Fedhas.
  4417 | D:5      | Reached skill level 9 in Maces & Flails
  4417 | D:5      | Reached **** piety under Trog
  4495 | D:5      | Found a sparkling altar of Nemelex Xobeh.
  4710 | D:5      | Noticed Grinder
  4720 | D:5      | Paralysed by Grinder for 3 turns
  4725 | D:5      | Killed Grinder
  4830 | D:5      | Found a snail-covered altar of Cheibriados.
  5190 | D:6      | Found Udaitonk's Magic Scroll Shop.
  5193 | D:6      | Bought a scroll of teleportation for 39 gold pieces
  5193 | D:6      | Bought a scroll of teleportation for 39 gold pieces
  5193 | D:6      | Bought a scroll of teleportation for 39 gold pieces
  5363 | D:6      | Found a blossoming altar of Fedhas.
  5446 | D:6      | Reached skill level 10 in Maces & Flails
  5540 | D:6      | Found a deep blue altar of Sif Muna.
  5556 | D:6      | Found a basalt altar of Yredelemnul.
  6181 | D:6      | Reached XP level 9. HP: 81/81 MP: 8/8
  6512 | D:7      | Found a staircase to the Ecumenical Temple.
  6528 | Temple   | Entered the Ecumenical Temple
  6735 | D:7      | Noticed Joseph
  6747 | D:7      | Killed Joseph
  6747 | D:7      | Reached skill level 11 in Maces & Flails
  6829 | D:7      | Found a shimmering altar of Xom.
  6831 | D:7      | Found a shimmering altar of Xom.
  6831 | D:7      | Found a shimmering altar of Xom.
  6833 | D:7      | Found a shimmering altar of Xom.
  6961 | D:7      | Found a runed translucent gate.
  6961 | D:7      | Found a runed translucent gate.
  6961 | D:7      | Found a runed translucent gate.
  6962 | D:7      | Noticed feta's ghost (novice FoFi)
  6962 | D:7      | Noticed PeterQ's ghost (novice TeGl)
  6962 | D:7      | Noticed Zaque's ghost (novice DDMo)
  7072 | D:7      | Noticed Prince Ribbit
  7086 | D:7      | Killed Prince Ribbit
  7140 | D:7      | Found a shimmering altar of Xom.
  7257 | D:7      | Reached skill level 12 in Maces & Flails
  7362 | D:7      | Killed feta's ghost
  7362 | D:7      | Reached XP level 10. HP: 91/91 MP: 9/9
  7388 | D:7      | HP: 3/91 [PeterQ's ghost (8)]
  7800 | D:7      | Killed PeterQ's ghost
  7861 | D:7      | Killed Zaque's ghost
  7861 | D:7      | Reached skill level 13 in Maces & Flails
  8263 | D:8      | Reached skill level 10 in Fighting
  8332 | D:8      | Received a gift from Trog
  8708 | D:8      | Found a sacrificial altar of Ru.
  8733 | D:8      | Found a shattered altar of Ashenzari.
  8996 | D:8      | Reached skill level 10 in Armour
  9045 | D:8      | Reached ***** piety under Trog
  9056 | D:8      | Reached skill level 14 in Maces & Flails
  9558 | D:9      | Reached XP level 11. HP: 101/101 MP: 10/10
  9998 | D:10     | Entered Level 10 of the Dungeon
 10573 | D:10     | Found a snail-covered altar of Cheibriados.
 11176 | D:11     | Noticed a two-headed ogre
 11180 | D:11     | Killed a two-headed ogre
 11214 | D:11     | Reached skill level 15 in Maces & Flails
 11549 | D:11     | Noticed a red ugly thing
 11560 | D:11     | Killed a red ugly thing
 11560 | D:11     | Received a gift from Trog
 11564 | D:11     | Noticed a two-headed ogre
 11565 | D:11     | Found a staircase to the Orcish Mines.
 11567 | D:11     | Noticed Maurice
 11908 | D:11     | Killed a two-headed ogre
 11943 | D:11     | Found Alusud's Assorted Antiques.
 11949 | D:11     | Bought a brown potion for 25 gold pieces
 11952 | D:11     | Found Ruragra's Antique Weapon Shoppe.
 11993 | D:11     | Found Tocigaj's Magic Scroll Shoppe.
 12087 | D:11     | Noticed a red ugly thing
 12095 | D:11     | Killed a red ugly thing
 12272 | D:11     | Found Cegymezonn's Antique Weapon Shop.
 12298 | D:11     | Killed Maurice
 12351 | D:11     | Found a staircase to the Lair.
 12635 | D:11     | Noticed a white ugly thing
 12644 | D:11     | Killed a white ugly thing
 12718 | Lair:1   | Entered Level 1 of the Lair of Beasts
 12769 | Lair:1   | Reached skill level 16 in Maces & Flails
 12769 | Lair:1   | Reached XP level 12. HP: 65/112 MP: 11/11
 14378 | Lair:1   | Received a gift from Trog
 14619 | Lair:1   | Found the +8 whip "Snakebite" {curare, rPois}
 15059 | Lair:2   | Found a dark tunnel.
 15067 | Volcano  | Entered a volcano
 15408 | Volcano  | Reached skill level 17 in Maces & Flails
 15525 | Volcano  | Got a pair of distressingly furry boots
 15603 | Lair:2   | Identified the +1 pair of boots of Disappointment {+Blink
                  | rElec} (You found it in a volcano)
 15712 | Lair:2   | Found a hole to the Spider Nest.
 16843 | Lair:2   | Noticed a five-headed hydra
 16852 | Lair:2   | Killed a five-headed hydra
 17295 | Lair:2   | Reached XP level 13. HP: 86/122 MP: 12/12
 17296 | Lair:2   | Reached skill level 1 in Shields
 18725 | Lair:4   | Found a staircase to the Swamp.
 18767 | Lair:4   | Reached skill level 18 in Maces & Flails
 19282 | Lair:4   | Received a gift from Trog
 19913 | Lair:4   | Got an encrusted flail
 19914 | Lair:4   | Lost intelligence.
 19914 | Lair:4   | Identified the cursed +0 flail of the Hawk {speed, rElec
                  | Str-5 Int-5 Dex+9} (You found it on level 4 of the Lair of
                  | Beasts)
 20785 | Lair:6   | Entered Level 6 of the Lair of Beasts
 20899 | Lair:5   | Reached skill level 5 in Shields
 22133 | Lair:6   | HP: 1/125 [drowned by a drowned soul[a merfolk avatar]
                  | (14)]
 22133 | Lair:6   | Drowned by a drowned soul

Skill      XL: |  1  2  3  4  5  6  7  8  9 10 11 12 13 |
---------------+----------------------------------------+-----
Maces & Flails | 4 5 6 7 8 10 12 14 16 17 18 | 18.6
Fighting       | 4 5 6 7 9 10 12 13 14 | 14.4
Armour         | 3 4 5 6 7 9 10 11 13 14 | 14.3
Shields        | 6 |  6.0
Dodging        | |  2.1

Action                   |  1- 3 |  4- 6 |  7- 9 | 10-12 | 13-15 || total
-------------------------+-------+-------+-------+-------+-------++-------
Melee: Mace              |    58 |    82 |       |       |       ||   140
       Headbutt          |    10 |    13 |    39 |   153 |    88 ||   303
       Flail             |       |    32 |   212 |   605 |       ||   849
       Whip              |       |       |       |   134 |   325 ||   459
Invok: Berserk           |     4 |     3 |    11 |    20 |     3 ||    41
Evoke: Wand              |       |       |       |       |    28 ||    28
  Use: Scroll            |       |     5 |     4 |    16 |     1 ||    26
       Potion            |       |     4 |       |     3 |     1 ||     8
 Stab: Sleeping          |     1 |       |       |       |       ||     1
  Eat: Chunk             |     4 |     7 |    21 |    38 |    12 ||    82
       Ration            |       |       |     1 |     4 |     2 ||     7
Armor: Animal skin       |    12 |    19 |     5 |       |       ||    36
       Skin              |       |    24 |       |       |       ||    24
       Scale mail        |       |       |    75 |   113 |       ||   188
       Plate armour      |       |       |       |   255 |   120 ||   375
Dodge: Dodged            |    53 |    66 |   124 |   249 |    75 ||   567
Block: Buckler           |       |       |       |     3 |    30 ||    33
